 Dungeon Crawl Stone Soup version 0.28-a0-957-g42eb19b844 (webtiles) character file.

Game seed: 12898625580643280861

5223 jt the Severer (level 10, 0/168 (172) HPs)
             Began as a Hill Orc Fighter on Nov 30, 2021.
             Was an Elder of Fedhas.
             Slain by a spectral orc knight (3 damage)
             ... summoned by Nergalle
             ... on level 1 of the Lair of Beasts.
             The game lasted 00:31:09 (9598 turns).

jt the Severer (Hill Orc Fighter)                   Turns: 9598, Time: 00:31:11

HP:   0/168 (172)   AC: 25    Str: 24    XL:     10   Next: 61%
MP:   13/13         EV:  2    Int: 10    God:    Fedhas [****..]
Gold: 430           SH: 10    Dex: 10    Spells: 9/9 levels left

rFire   . . .      SeeInvis .   a - +0 war axe
rCold   . . .      Faith    .   C - +0 kite shield
rNeg    . . .      Spirit   .   (armour currently unavailable)
rPois   +          Reflect  .   (helmet currently unavailable)
rElec   .          Harm     .   (cloak currently unavailable)
rCorr   .          Rampage  .   (gloves currently unavailable)
Will    .....      NoTele   +   (boots currently unavailable)
Stlth   ..........              (no amulet)
HPRegen 0.38/turn               x - ring of flight
MPRegen 0.13/turn               (no ring)

@: berserking, tree-form, lightly drained, very quick
A: stationary, stasis, torment immunity, boosted hp, (antennae 1), clever 1,
(poison resistance), (electricity resistance)
a: Renounce Religion, Wall of Briars, Grow Ballistomycete, Overgrow


You were on level 1 of the Lair of Beasts.
You worshipped Fedhas.
Fedhas was greatly pleased with you.
You were a tree.
You visited 3 branches of the dungeon, and saw 11 of its levels.

You collected 430 gold pieces.

Inventory:

Hand Weapons
 a - a +0 war axe (weapon)
 b - a +0 hunting sling
 m - a +2 dagger of draining
 n - a +0 halberd of venom
 s - a +2 dagger of venom
 y - the +8 rapier "Upatwee" {venom, rPois rC++}
   (You found it on level 5 of the Dungeon)

   It poisons the flesh of those it strikes.
   rC:        It greatly protects you from cold.
   rPois:     It protects you from poison.
 K - a +0 arbalest
 N - a +1 whip of venom
 R - a +0 trident
 S - a +0 shortbow
Missiles
 e - 97 bolts
 f - 107 arrows
 p - 238 stones
 q - 42 sling bullets
 u - 29 poisoned darts (quivered)
Armour
 c - a +0 buckler
 d - a +1 pair of gloves (melded)
 g - a +1 cloak (melded)
 o - the +2 leather armour of Ymeubup (melded) {Str+10 Int+7 Dex-3}
   (You found it on level 4 of the Dungeon)

   Str:       It affects your strength (+10).
   Int:       It affects your intelligence (+7).
   Dex:       It affects your dexterity (-3).
 r - a +0 helmet
 t - a +1 robe of cold resistance
 A - a +0 pair of boots (melded)
 C - a +0 kite shield (worn)
 L - a +0 plate armour
Magical Staves
 D - a staff of cold
Jewellery
 x - a ring of flight (left branch)
Wands
 F - a wand of iceblast (11)
 H - a wand of paralysis (6)
 Q - a wand of polymorph (9)
 T - a wand of flame (7)
 U - a wand of digging (9)
Scrolls
 h - a scroll of torment
 l - 11 scrolls of teleportation
 v - a scroll of fear
 z - a scroll of brand weapon
 E - a scroll of vulnerability
 G - a scroll of immolation
 I - a scroll of enchant armour
 J - a scroll of blinking
Potions
 i - 2 potions of resistance
 k - a potion of flight
 w - a potion of attraction
 B - a potion of cancellation
 M - a potion of brilliance
 O - a potion of mutation


   Skills:
 - Level 3.6 Fighting
 + Level 15.0 Axes
 - Level 3.2 Armour
 + Level 9.1 Shields
 + Level 5.2 Invocations
 - Level 5.0 Evocations


You had 9 spell levels left.
You didn't know any spells.
Your spell library contained the following spells:

 Spells                   Type           Power      Damage    Failure   Level
 Animate Skeleton         Necr           0%         N/A       63%         1
 Pain                     Necr           0%         1d4       63%         1
 Static Discharge         Conj/Air       0%         N/A       77%         2
 Dazzling Flash           Conj/Hex       0%         N/A       94%         3
 Tukima's Dance           Hex            0%         N/A       94%         3
 Vampiric Draining        Necr           0%         2d6       94%         3
 Passage of Golubria      Tloc           0%         N/A       100%        4
 Agony                    Necr           0%         N/A       100%        5
 Lightning Bolt           Conj/Air       0%         1d11      100%        5
 Silence                  Hex/Air        0%         N/A       100%        5
 Yara's Violent Unravell  Hex/Tmut       0%         3d3       100%        5
 Maxwell's Capacitive Co  Air            0%         ∞         100%        8


Dungeon Overview and Level Annotations

Branches:
Dungeon (9/15)             Temple (1/1) D:5            Lair (1/6) D:9
    Orc: D:9-12

Altars:
Elyvilon
Fedhas
Makhleb

Annotations:
D:1 need flight
Lair:1 Nergalle


Innate Abilities, Weirdness & Mutations

You are a tree.
Your roots penetrate the ground, keeping you stationary.
You cannot be teleported.
You are immune to unholy pain and torment.
Your maximum health is greatly increased.
Your equipment is partially melded.
((You have a pair of small antennae on your head.))
Your mind is acute. (Int +2)
((Your system is resistant to poisons. (rPois)))
((You are resistant to electric shocks. (rElec)))


Message History

You hit the spectral orc knight.
The spectral orc knight is moderately damaged.
You hit the spectral orc.
You hit the spectral orc warrior but do no damage.
The spectral orc warrior hits you but does no damage. x3
The spectral orc knight hits you with a +0 dire flail!
* * * LOW HITPOINT WARNING * * *
Okay, then.
Press: ? - help, v - describe, . - travel
Here: a spectral orc, wielding a +0 mace (almost destroyed, summoned)
The floor.
You hit the spectral orc but do no damage.
The spectral orc is almost destroyed.
You hit the spectral orc knight. You slash the spectral orc warrior!
The spectral orc hits you but does no damage.
The spectral orc warrior hits you but does no damage.
You block the spectral orc warrior's attack.
The spectral orc warrior hits you from afar with a +0 glaive.
* * * LOW HITPOINT WARNING * * *
You feel drained.
* * * LOW HITPOINT WARNING * * *
You block the spectral orc warrior's attack.
The spectral orc knight hits you but does no damage.
Okay, then.
Okay, then.
Okay, then.
A red film seems to cover your vision as you go berserk!
You feel yourself moving faster!
You feel mighty!
The spectral orc hits you but does no damage.
The spectral orc warrior hits you but does no damage.
The spectral orc warrior hits you from afar with a +0 trident.
* * * LOW HITPOINT WARNING * * *
You feel drained.
Nergalle gestures at you while chanting.
Orcish apparitions take form around you.
The spectral orc warrior hits you but does no damage.
You block the spectral orc warrior's attack.
The spectral orc knight hits you with a +0 dire flail.
You die...
Fedhas appreciates your contribution to the ecosystem.

#.......#...... .# ...
.(....#.#.#....... ....
..........#...#P.#.....
..(.....#.....##.#.....
........#.#...##.#...#..
..........#..>##.....#.P
....#†..#.....ZZZZ...P.#
....#.{...#...ZZZ#.:...#
..........#...##♣#.....#
#.....#.#.#...##Z#.#.#.#...
#.....#.......#ZZZ..........
......#...P...#.(..#.#......
......#...#..........#......
..........#........#.#......
....#..............#........
....P........o..............
...........#.....>.....#.


You could see Nergalle (fleeing), 2 spectral orcs, 5 spectral orc warriors and 4
spectral orc knights.

Vanquished Creatures
  Fannar (Lair:1)
  A manticore (D:7)
  Grinder (D:3)
  2 wyverns
  A shadow (D:9)
  An acid dragon (D:8)
  5 water moccasins
  2 black bears
  2 ice beasts
  A necrophage (D:6)
  2 ogres
  11 wolves (Lair:1)
  3 phantoms
  3 bullfrogs
  A wyvern zombie (D:7)
  A water moccasin skeleton (D:5)
  A killer bee (D:5)
  4 howler monkeys
  2 jellies
  A centaur zombie (D:8)
  3 hounds
  2 gnoll shamans
  An orc priest (D:6)
  An iguana (D:7)
  2 orc wizards
  Terence (D:2)
  A hound zombie (D:5)
  10 gnolls
  7 adders
  3 white imps
  An ufetubus (D:5)
  A worm (D:3)
  4 dart slugs (D:1)
  20 orcs
  10 endoplasms
  A giant cockroach (D:4)
  6 goblins
  12 hobgoblins
  5 jackals (D:4)
  5 quokkas
  4 ball pythons
  10 bats
  A frilled lizard (D:3)
  7 kobolds
  7 rats
171 creatures vanquished.

Vanquished Creatures (collateral kills)
  4 ballistomycete spores (Lair:1)
4 creatures vanquished.

Vanquished Creatures (others)
  3 fungi (Lair:1)
  A plant (Lair:1)
4 creatures vanquished.

Grand Total: 179 creatures vanquished

Notes
Turn   | Place    | Note
-------+----------+-------------------------------------------
     0 | D:1      | jt the Hill Orc Fighter began the quest for the Orb.
     0 | D:1      | Reached XP level 1. HP: 19/19 MP: 1/1
    76 | D:1      | Reached skill level 3 in Axes
   129 | D:1      | Reached XP level 2. HP: 24/26 MP: 2/2
   473 | D:1      | Reached XP level 3. HP: 31/31 MP: 3/3
   611 | D:1      | Reached skill level 4 in Axes
   633 | D:1      | Found a faded altar of an unknown god.
   656 | D:1      | Prayed at the altar of an unknown god.
   656 | D:1      | Became a worshipper of Fedhas Madash
   656 | D:1      | Reached * piety under Fedhas
  1175 | D:2      | Reached XP level 4. HP: 39/39 MP: 4/4
  1205 | D:2      | Found a burning altar of Makhleb.
  1307 | D:2      | Reached skill level 5 in Axes
  1331 | D:2      | Noticed Terence
  1410 | D:2      | Killed Terence
  1482 | D:3      | Noticed Grinder
  1564 | D:3      | Reached ** piety under Fedhas
  1584 | D:3      | Noticed a phantom
  1723 | D:3      | Killed a phantom
  1724 | D:3      | Reached skill level 6 in Axes
  1724 | D:3      | Reached XP level 5. HP: 35/45 MP: 5/5
  1824 | D:3      | Gained mutation: You have a pair of small antennae on your
                  | head. [potion of mutation]
  1824 | D:3      | Gained mutation: Your system is resistant to poisons.
                  | (rPois) [potion of mutation]
  1824 | D:3      | Gained mutation: You are resistant to electric shocks.
                  | (rElec) [potion of mutation]
  1824 | D:3      | Gained mutation: Your mind is acute. (Int +2) [potion of
                  | mutation]
  2070 | D:3      | Reached skill level 7 in Axes
  2157 | D:4      | Noticed an ogre
  2379 | D:4      | Identified the +2 leather armour of Ymeubup {Str+10 Int+7
                  | Dex-3}
  2783 | D:3      | Paralysed by Grinder for 7 turns
  2901 | D:3      | Paralysed by Grinder for 4 turns
  2911 | D:3      | Killed Grinder
  2912 | D:3      | Reached skill level 9 in Axes
  2912 | D:3      | Reached XP level 6. HP: 51/51 MP: 6/6
  3255 | D:3      | Reached XP level 7. HP: 57/57 MP: 7/7
  3512 | D:4      | Reached *** piety under Fedhas
  3910 | D:5      | Entered Level 5 of the Dungeon
  3943 | D:4      | Reached skill level 10 in Axes
  4304 | D:5      | Identified the +8 rapier "Upatwee" {venom, rPois rC++}
  4686 | D:5      | Reached skill level 11 in Axes
  4863 | D:5      | Found a staircase to the Ecumenical Temple.
  4870 | Temple   | Entered the Ecumenical Temple
  5035 | D:5      | Reached XP level 8. HP: 60/64 MP: 8/8
  5450 | D:5      | Reached skill level 12 in Axes
  5777 | D:6      | Reached skill level 1 in Evocations
  5921 | D:6      | Reached skill level 5 in Shields
  6713 | D:7      | Reached XP level 9. HP: 38/70 MP: 9/9
  6908 | D:7      | Reached skill level 13 in Axes
  6971 | D:7      | Identified the +1 robe of Untold Secrets {Contam +Blink
                  | rC+++ Int+2}
  7180 | D:7      | Reached **** piety under Fedhas
  7492 | D:7      | Noticed a manticore
  7499 | D:7      | Killed a manticore
  8265 | D:8      | Reached skill level 5 in Evocations
  8284 | D:8      | Reached skill level 14 in Axes
  8787 | D:8      | Found a white marble altar of Elyvilon.
  8955 | D:9      | Reached skill level 1 in Invocations
  8955 | D:9      | Reached XP level 10. HP: 37/77 MP: 9/11
  9143 | D:9      | Noticed a two-headed ogre
  9243 | D:9      | Found a staircase to the Lair.
  9249 | Lair:1   | Entered Level 1 of the Lair of Beasts
  9519 | Lair:1   | Noticed Fannar
  9563 | Lair:1   | Killed Fannar
  9564 | Lair:1   | Reached skill level 15 in Axes
  9564 | Lair:1   | Reached skill level 5 in Invocations
  9571 | Lair:1   | Noticed Nergalle
  9597 | Lair:1   | HP: 4/115 [spectral orc warrior[Nergalle] (6)]
  9598 | Lair:1   | Slain by a spectral orc knight

Illustrated notes

Levels and vault maps discovered:
D:1:      lemuel_arrival_lava_pool, layout_basic, serial_corexii_hall,
          corexii_hall_statues_s, corexii_hall_statues_x,
          ebering_ecumenical_altar_sacrificial
D:2:      layout_basic, basic_altar, uniq_terence
D:3:      layout_loops_ring, serial_park_tiny_1, minmay_unequal, uniq_grinder
D:4:      layout_loops_ring
D:5:      minmay_angry_zag, layout_loops_ring,
          minmay_temple_entry_gardened_gates, sigmund_army
D:6:      layout_basic
D:7:      layout_basic, serial_park_tiny_pond,
          eino_small_chamber_without_monster
D:8:      layout_rooms, elyvilon_altar_5
D:9:      layout_long_grid, dpeg_oklobed_lair, kennysheep_path_1
Temple:   mainiacjoe_temple_circle_huts
Lair:1:   layout_long_grid, uniq_fannar, uniq_nergalle

Skill      XL: |  1  2  3  4  5  6  7  8  9 10 |
---------------+-------------------------------+-----
Axes           | 3 4 6 9 11 12 14 15 | 15.0
Shields        | 4 5 8 9 |  9.1
Evocations     | 3 5 |  5.0
Invocations    | 1 5 |  5.2
Fighting       | |  3.6
Armour         | |  3.2

Action                   |  1- 3 |  4- 6 |  7- 9 | 10-12 || total
-------------------------+-------+-------+-------+-------++-------
Melee: War axe           |    73 |   100 |   286 |    56 ||   515
       Rapier            |       |       |    15 |     5 ||    20
 Fire: Hunting sling     |       |    14 |    15 |       ||    29
Throw: Dart              |       |       |    18 |     7 ||    25
       Stone             |       |       |     2 |       ||     2
Invok: Grow Ballistomyce |       |       |       |     1 ||     1
Evoke: Wand              |       |       |     5 |     5 ||    10
  Use: Potion            |     1 |     4 |     4 |     3 ||    12
       Scroll            |     2 |     7 |     5 |     4 ||    18
Armor: Scale mail        |    30 |    46 |       |       ||    76
       Skin              |       |     5 |       |    26 ||    31
       Leather armour    |       |     5 |   119 |    37 ||   161
Dodge: Dodged            |    36 |    33 |   142 |    28 ||   239
Block: Buckler           |    10 |    16 |    14 |       ||    40
       Kite shield       |       |       |    71 |    61 ||   132

Table legend: (Time is in decaauts)
 A = Elapsed time spent in this place.
 B = Non-inter-level travel time spent in this place.
 C = Inter-level travel time spent in this place.
 D = Time resting spent in this place.
 E = Time spent auto-exploring this place.
 F = Levels seen in this place.
 G = Mean time per level.
                   A        B        C        D        E       F      G
               +--------+--------+--------+--------+--------+-----+--------+
         Total |   9684 |   8808 |    876 |   2715 |   2890 |  11 |  880.4 |
       Dungeon |   9433 |   8557 |    876 |   2626 |   2877 |   9 | 1048.1 |
        Temple |      1 |      1 |      0 |      0 |      0 |   1 |    1.0 |
          Lair |    249 |    249 |      0 |     89 |     13 |   1 |  249.0 |
               +--------+--------+--------+--------+--------+-----+--------+

Top non-repeatable levels by time:
     D:5: 1289 daAuts
     D:8: 1277 daAuts
     D:3: 1257 daAuts
     D:6: 1227 daAuts
     D:4: 1226 daAuts
     D:1: 1063 daAuts
     D:7: 996 daAuts
     D:2: 931 daAuts
  Lair:1: 249 daAuts
     D:9: 164 daAuts
  Temple: 1 daAuts
